 Dungeon Crawl Stone Soup version 0.30-a0-722-g3e6e8c874d (webtiles) character file.

Game seed: 13749353533441370045

616 hbarley the Slasher (level 7, -1/53 (56) HPs)
             Began as a Gnoll Reaver on Jan 27, 2023.
             Was a Believer of Trog.
             Slain by an ufetubus (3 damage)
             ... on level 5 of the Dungeon.
             The game lasted 00:27:49 (5163 turns).

hbarley the Slasher (Gnoll Reaver)                  Turns: 5163, Time: 00:27:49

HP:   -1/53 (56)    AC:  7    Str: 13    XL:     7   Next: 45%
MP:   15/15         EV: 11    Int: 13    God:    Trog [**....]
Gold: 180           SH:  5    Dex: 10    Spells: 16/17 levels left

rFire   . . .      SeeInvis .    E - +0 whip (drain)
rCold   . . .      Faith    .    (no shield)
rNeg    . . .      Spirit   .    o - +0 ring mail
rPois   .          Reflect  +    w - +0 helmet
rElec   .          Harm     .    (no cloak)
rCorr   .          Rampage  .    (no gloves)
Will    .....                    I - +0 pair of boots
Stlth   +                        f - amulet of reflection
HPRegen 0.28/turn                (no ring)
MPRegen 0.14/turn                (no ring)

@: drained
A: fangs 1, strong nose, distributed training
a: Renounce Religion, Berserk, Trog's Hand


You were on level 5 of the Dungeon.
You worshipped Trog.
Trog was pleased with you.
You visited 1 branch of the dungeon, and saw 5 of its levels.

You collected 305 gold pieces.
You spent 125 gold pieces at shops.

Inventory:

Hand Weapons
 a - a +0 falchion
 A - a +0 short sword
 E - a +0 whip of draining (weapon)
 F - a +2 dagger of electrocution
Missiles
 k - 4 poisoned darts
Armour
 b - a +0 leather armour
 g - a +0 hat
 o - a +0 ring mail (worn)
 w - a +0 helmet (worn)
 y - a +0 barding
 I - a +0 pair of boots (worn)
Jewellery
 f - an amulet of reflection (around neck)
 q - an amulet of faith
 z - an amulet of reflection
Wands
 t - a wand of flame (24)
 u - a wand of digging (10)
 x - a wand of mindburst (10)
Scrolls
 e - a scroll of immolation {unknown}
 i - a scroll of teleportation {unknown}
 j - a scroll of magic mapping {unknown}
 n - a scroll of fear {unknown}
 p - 7 scrolls of identify {unknown}
 s - a scroll of torment {unknown}
 B - a scroll of enchant weapon {unknown}
 D - a scroll of brand weapon {unknown}
 H - a scroll of vulnerability {unknown}
Potions
 c - a potion of lignification {unknown}
 d - 2 potions of heal wounds {unknown}
 h - a potion of haste {unknown}
 l - a potion of attraction {unknown}
 m - 6 potions of curing {unknown}
 r - a potion of ambrosia {unknown}
 v - a potion of brilliance {unknown}
 C - 2 potions of invisibility {unknown}
 G - a potion of degeneration {unknown}


   Skills:
 + Level 5.3 Fighting
 + Level 2.6 Short Blades
 + Level 7.1 Long Blades
 + Level 2.6 Axes
 + Level 2.6 Maces & Flails
 + Level 2.6 Polearms
 + Level 2.6 Staves
 + Level 2.6 Ranged Weapons
 + Level 2.6 Throwing
 + Level 2.6 Armour
 + Level 5.3 Dodging
 + Level 2.6 Stealth
 + Level 2.6 Shields
 + Level 2.6 Unarmed Combat
 + Level 5.7 Spellcasting
 + Level 5.9 Conjurations
 + Level 2.1 Hexes
 + Level 2.1 Summonings
 + Level 2.1 Necromancy
 + Level 2.1 Translocations
 + Level 2.1 Transmutations
 + Level 2.1 Fire Magic
 + Level 2.1 Ice Magic
 + Level 2.1 Air Magic
 + Level 2.1 Earth Magic
 + Level 2.1 Poison Magic
 + Level 2.9 Invocations
 + Level 2.6 Evocations


You had 16 spell levels left.
You knew the following spells:

 Your Spells              Type           Power      Damage    Failure   Level
a - Kiss of Death         Conj/Necr      56%        2d9       7%          1

Your spell library contained the following spells:

 Spells                   Type           Power      Damage    Failure   Level
 Momentum Strike          Conj/Tloc      28%        3d8       11%         2
 Necrotise                Necr           36%        1d5       16%         1
 Hailstorm                Conj/Ice       14%        3d5       21%         3
 Lesser Beckoning         Tloc           18%        N/A       22%         2
 Sublimation of Blood     Necr           9%         N/A       22%         2
 Gell's Gravitas          Tloc           9%         N/A       41%         3
 Ozocubu's Armour         Ice            9%         N/A       41%         3
 Teleport Other           Tloc           9%         N/A       41%         3
 Vampiric Draining        Necr           9%         2d6       41%         3
 Vhi's Electric Charge    Tloc/Air       18%        N/A       41%         3
 Petrify                  Tmut/Erth      9%         N/A       83%         4
 Arcjolt                  Conj/Air       7%         1d17      88%         5
 Irradiate                Conj/Tmut      7%         3d14      88%         5
 Agony                    Necr           9%         N/A       99%         5
 Metabolic Englaciation   Hex/Ice        4%         N/A       99%         5
 Simulacrum               Ice/Necr       4%         N/A       100%        6
 Maxwell's Capacitive Co  Air            4%         ∞         100%        8


Dungeon Overview and Level Annotations

Branches:
Dungeon (5/15)
 Temple: D:4-7

Altars:
Ashenzari
Gozag
Hepliaklqana
Kikubaaqudgha
Okawaru
Trog
Wu Jian
The Shining One

Shops:
D:1 *   D:2 *


Innate Abilities, Weirdness & Mutations

You have very sharp teeth.
Your uncanny sense of smell can sniff out nearby items.
Your experience applies equally to all skills.


Message History

You barely miss the hound.
The hound is severely wounded.
You block the hound's attack.
You hit the hound.
You kill the hound!
Trog accepts your kill.
You see here a hound corpse.
An ogre comes into view. It is wielding a +0 giant club.
The ogre shouts!
An iguana comes into view.
The ogre moves out of view.
A white imp comes into view.
The iguana hisses angrily.
The white imp shouts, "Slither home, thou unhinged ill-breeding scut!"
You hear a shout!
An ufetubus comes into view. x2
You hear an angry hiss.
You hit the ogre.
The ogre is lightly wounded.
The ogre hits you with a +0 giant club!
You hit the ogre.
The ogre is lightly wounded.
You hit the ogre. You drain the ogre.
The ogre is heavily wounded.
The ufetubus hits you but does no damage.
The ufetubus hits you. The ogre hits you with a +0 giant club!
The ufetubus hits you.
The ufetubus hits you but does no damage.
A dart slug comes into view.
You hit the ogre but do no damage. You bite the ogre.
The ogre is heavily wounded.
The ufetubus misses you.
The ufetubus hits you but does no damage.
You hit the ogre. You bite the ogre, but do no damage.
The ogre is heavily wounded.
The ogre hits you with a +0 giant club!
* * * LOW HITPOINT WARNING * * *
The ufetubus hits you but does no damage.
The ufetubus hits you.
You die...

#......................
#..#...#...#...#...#...
#_.....................
#..#...#...#...#...#...
#......................
#####################...
.......###.## #..##...
.....5..#...######.#...<
#@5.#.............
#...lO###...###....†...
∆#.#.#. ∆#.### #.####...
.. .. #.. #.# ##.. .w#
### .#.# .## ... # ∆∆∆
#. .# .. .. ## .##.# ..
.... .. #..


You could see an ogre (drained), an iguana, a dart slug and 2 ufetubi.

Vanquished Creatures
  Grinder (D:3)
  A scorpion (D:4)
  2 hounds (D:5)
  A gnoll bouda (D:4)
  Jessica (D:2)
  2 iguanas (D:4)
  An orc wizard (D:3)
  Natasha (D:2)
  Robin (D:3)
  5 adders
  An ufetubus (D:5)
  A worm (D:2)
  4 orcs
  10 ball pythons
  9 endoplasms
  2 giant cockroaches (D:2)
  16 goblins
  9 hobgoblins
  8 kobolds
  4 quokkas
  5 bats
  4 frilled lizards
  2 rats (D:1)
91 creatures vanquished.

Vanquished Creatures (others)
  A plant (D:2)
1 creature vanquished.

Grand Total: 92 creatures vanquished

Notes
Turn   | Place    | Note
-------+----------+-------------------------------------------
     0 | D:1      | hbarley the Gnoll Reaver began the quest for the Orb.
     0 | D:1      | Reached XP level 1. HP: 20/20 MP: 6/6
   136 | D:1      | Reached XP level 2. HP: 26/26 MP: 7/7
   237 | D:1      | Found Weoboe's Assorted Antiques.
   436 | D:1      | Reached skill level 5 in Spellcasting
   436 | D:1      | Reached XP level 3. HP: 28/31 MP: 7/9
   745 | D:2      | Found a faded altar of an unknown god.
   759 | D:2      | Prayed at the altar of an unknown god.
   759 | D:2      | Became a worshipper of Trog the Wrathful
   759 | D:2      | Reached * piety under Trog
   802 | D:2      | Reached skill level 1 in Invocations
   945 | D:2      | Reached skill level 1 in Short Blades
   945 | D:2      | Reached skill level 1 in Axes
   945 | D:2      | Reached skill level 1 in Maces & Flails
   945 | D:2      | Reached skill level 1 in Polearms
   945 | D:2      | Reached skill level 1 in Staves
   945 | D:2      | Reached skill level 1 in Ranged Weapons
   945 | D:2      | Reached skill level 1 in Throwing
   945 | D:2      | Reached skill level 1 in Armour
   945 | D:2      | Reached skill level 1 in Stealth
   945 | D:2      | Reached skill level 1 in Shields
   945 | D:2      | Reached skill level 1 in Unarmed Combat
   945 | D:2      | Reached skill level 1 in Evocations
   956 | D:2      | Reached XP level 4. HP: 35/38 MP: 11/11
  1344 | D:2      | Found an iron altar of Okawaru.
  1565 | D:2      | Reached skill level 1 in Hexes
  1565 | D:2      | Reached skill level 1 in Summonings
  1565 | D:2      | Reached skill level 1 in Necromancy
  1565 | D:2      | Reached skill level 1 in Translocations
  1565 | D:2      | Reached skill level 1 in Transmutations
  1565 | D:2      | Reached skill level 1 in Fire Magic
  1565 | D:2      | Reached skill level 1 in Ice Magic
  1565 | D:2      | Reached skill level 1 in Air Magic
  1565 | D:2      | Reached skill level 1 in Earth Magic
  1565 | D:2      | Reached skill level 1 in Poison Magic
  1591 | D:2      | Noticed Natasha
  1605 | D:2      | Killed Natasha
  1759 | D:2      | Found Goefe's Assorted Antiques.
  1986 | D:2      | Noticed Jessica
  1991 | D:2      | Killed Jessica
  1992 | D:2      | Reached XP level 5. HP: 40/43 MP: 12/12
  2295 | D:1      | Bought a dented silver amulet for 125 gold pieces
  2363 | D:3      | Noticed Grinder
  2536 | D:3      | Found an ornate altar of the Wu Jian Council.
  2698 | D:3      | Paralysed by Grinder for 4 turns
  2719 | D:3      | Killed Grinder
  2720 | D:3      | Reached skill level 5 in Fighting
  2720 | D:3      | Reached skill level 5 in Dodging
  2720 | D:3      | Reached XP level 6. HP: 20/51 MP: 14/14
  2885 | D:3      | Found a hazy altar of Hepliaklqana.
  2898 | D:3      | Noticed Robin
  2911 | D:3      | Killed Robin
  2911 | D:3      | Reached ** piety under Trog
  3546 | D:3      | Found an opulent altar of Gozag.
  3670 | D:3      | Found an ancient bone altar of Kikubaaqudgha.
  4167 | D:4      | Reached skill level 7 in Long Blades
  4167 | D:4      | Reached XP level 7. HP: 55/56 MP: 15/15
  4301 | D:4      | Found a broken altar of Ashenzari.
  5044 | D:5      | Entered Level 5 of the Dungeon
  5105 | D:5      | Found a glowing golden altar of the Shining One.
  5163 | D:5      | HP: 2/53 [ogre/+0 giant club (16)]
  5163 | D:5      | Slain by an ufetubus

Illustrated notes

Levels and vault maps discovered:
D:1:      reono_arrival_forest_river, layout_basic, serial_shops,
          nicolae_shop_overgrown_old_shop
D:2:      layout_loops_corners, basic_altar,
          shapermc_ecumenical_altar_starsandcircs, serial_shops,
          nicolae_shop_overgrown_old_shop, serial_co_window_serial,
          co_window_paths_b, co_window_paths_b, co_window_paths_a,
          co_window_of_opportunity_a, co_window_paths_a, co_window_corner_a,
          co_window_paths_a, co_window_corner_ca, co_window_2corner,
          co_window_unsneaky_path_d, co_window_paths_d, glass_columns_c,
          glass_columns_a, glass_columns_b, glass_columns_a, glass_columns_b,
          hangedman_abyss_or_decor_lesser_grid, uniq_jessica, uniq_natasha
D:3:      layout_loops_ring, mainiacjoe_overflow_alcove_2,
          mainiacjoe_overflow_alcove_1, mainiacjoe_overflow_swirl, uniq_grinder,
          uniq_robin
D:4:      cheibrodos_helix_gallery, layout_basic, ashenzari_conservatory_becter,
          hangedman_decor_slide_cut, minmay_pentangle
D:5:      layout_layer_cave, lemuel_coloured_pillars_altar,
          minmay_fractal_squares_diagonal_5

Skill      XL: |  1  2  3  4  5  6  7 |
---------------+----------------------+-----
Spellcasting   | 5 |  5.7
Invocations    | 1 2 |  2.9
Short Blades   | 1 2 |  2.6
Axes           | 1 2 |  2.6
Maces & Flails | 1 2 |  2.6
Polearms       | 1 2 |  2.6
Staves         | 1 2 |  2.6
Ranged Weapons | 1 2 |  2.6
Throwing       | 1 2 |  2.6
Armour         | 1 2 |  2.6
Stealth        | 1 2 |  2.6
Shields        | 1 2 |  2.6
Unarmed Combat | 1 2 |  2.6
Evocations     | 1 2 |  2.6
Hexes          | 1 2 |  2.1
Summonings     | 1 2 |  2.1
Necromancy     | 1 2 |  2.1
Translocations | 1 2 |  2.1
Transmutations | 1 2 |  2.1
Fire Magic     | 1 2 |  2.1
Ice Magic      | 1 2 |  2.1
Air Magic      | 1 2 |  2.1
Earth Magic    | 1 2 |  2.1
Poison Magic   | 1 2 |  2.1
Fighting       | 5 |  5.3
Dodging        | 5 |  5.3
Long Blades    | 7 |  7.1
Conjurations   | |  5.9

Action                     |  1- 3 |  4- 6 |  7- 9 || total
---------------------------+-------+-------+-------++-------
  Melee: Falchion          |    83 |   207 |    16 ||   306
         Bite              |     5 |    20 |     9 ||    34
         Punch             |       |     3 |       ||     3
         Whip              |       |       |    68 ||    68
   Stab: Sleeping          |     1 |       |       ||     1
 Armour: Leather armour    |    23 |       |       ||    23
         Ring mail         |       |    76 |    33 ||   109
  Dodge: Dodged            |    42 |   108 |    44 ||   194
  Block: Other             |    11 |    55 |    17 ||    83

Table legend: (Time is in decaauts)
 A = Elapsed time spent in this place.
 B = Non-inter-level travel time spent in this place.
 C = Inter-level travel time spent in this place.
 D = Time resting spent in this place.
 E = Time spent auto-exploring this place.
 F = Levels seen in this place.
 G = Mean time per level.
                   A        B        C        D        E       F      G
               +--------+--------+--------+--------+--------+-----+--------+
         Total |   5165 |   1501 |   3664 |    679 |      0 |   5 | 1033.0 |
       Dungeon |   5165 |   1501 |   3664 |    679 |      0 |   5 | 1033.0 |
               +--------+--------+--------+--------+--------+-----+--------+

Top non-repeatable levels by time:
     D:2: 1726 daAuts
     D:3: 1393 daAuts
     D:4: 1116 daAuts
     D:1: 810 daAuts
     D:5: 117 daAuts
